Map: Abyssal Reef LE

Players

LarvaHealer - Winner!

  • Race: Zerg Zerg
  • League: Platinum
  • Spawn Location: 11:00

ugluk

  • Race: Protoss Protoss
  • Spawn Location: 5:00

VOD

Have the link to the VOD?

Description

gas pool hatch open tvp

Time

  • Played on: Dec. 1, 2017, 6:32 a.m.
  • Length: 24:04
Show
View Real Time Build Order
Export as new Build Order

LarvaHealer Zerg - Winner!

Build Orders: Pool First 

Get SALT Encoding   

  12  0:01  Drone  
  13  0:12  Overlord  
  13  0:18  Drone  
  14  0:33  Drone x2  
  14  0:35  Drone  
  17  0:44  Extractor  
  17  0:45  Drone  
  17  0:55  Spawning Pool  
  16  0:57  Drone  
  17  1:32  Hatchery  
  16  1:42  Zergling x6  
  16  1:44  Queen  
  21  1:53  Metabolic Boost  
  21  1:59  Overlord  
  21  2:10  Drone  
  22  2:19  Drone  
  23  2:35  Hatchery  
  22  2:41  Drone x2  
  23  3:02  Overlord  
  23  3:05  Drone x4  
  27  3:13  Extractor  
  27  3:18  Spine Crawler  
  25  3:22  Zergling x2  
  25  3:23  Zergling x4  
  28  3:41  Drone x4  
  29  3:42  Drone x2  
  31  4:03  Zergling x8  
  33  4:14  Drone x2  
  37  4:31  Lair  
  37  4:36  Pneumatized Carapace  
  37  4:38  Drone x2  
  37  4:52  Drone x2  
  31  5:16  Spore Crawler  
  31  5:18  Drone  
  31  5:19  Drone x7, Queen  
  36  5:28  Drone  
  35  5:38  Nydus Network  
  34  5:43  Drone x2  
  34  5:44  Drone  
  34  5:46  Spore Crawler  
  36  5:52  Burrow  
  36  5:53  Drone x2  
  36  5:54  Drone  
  39  5:59  Queen  
  41  6:12  Overlord x2  
  41  6:13  Overlord  
  41  6:30  Roach Warren  
  35  6:35  Queen  
  35  6:39  Drone  
  33  6:40  Drone x8  
  41  7:02  Drone x2  
  41  7:03  Drone, Queen  
  41  7:05  Overlord x2  
  46  7:14  Nydus Canal  
  46  7:16  Roach x3  
  46  7:17  Roach  
  54  7:42  Roach  
  54  7:43  Roach x4  
  64  7:46  Hatchery  
  63  7:55  Hydralisk Den  
  63  7:57  Drone x2  
  63  7:58  Drone x2  
  66  7:59  Drone  
  61  8:32  Drone x10  
  67  8:37  Muscular Augments  
  67  8:40  Hydralisk  
  69  8:46  Extractor  
  68  8:48  Hydralisk x2  
  68  8:52  Overseer  
  72  9:03  Overlord  
  72  9:04  Overlord x3  
  72  9:12  Queen  
  72  9:15  Hydralisk x4  
  82  9:24  Extractor, Evolution Chamber  
  82  9:25  Extractor  
  82  9:27  Evolution Chamber  
  72  9:38  Hydralisk  
  72  9:39  Hydralisk x3  
  72  9:41  Roach  
  72  9:49  Drone x6  
  72  9:50  Drone x3  
  70  9:53  Hydralisk x2  
  72  10:06  Drone x7  
  79  10:12  Spore Crawler  
  79  10:13  Drone x4  
  79  10:14  Drone, Spore Crawler  
  83  10:20  Zergling x6  
  85  10:26  Zerg Missile Weapons Level 1  
  86  10:36  Drone x11  
  86  10:37  Drone x4  
  82  10:51  Queen  
  82  10:56  Drone x3  
  87  10:57  Drone  
  87  10:58  Drone x2  
  90  11:08  Overlord x3  
  90  11:10  Zerg Ground Armor Level 1  
  80  11:23  Drone  
  80  11:24  Drone x8  
  82  11:43  Drone  
  82  11:44  Drone x3  
  86  11:52  Hydralisk  
  86  11:53  Hydralisk x5  
  84  12:10  Zergling x2  
  84  12:11  Zergling x18  
  94  12:20  Lurker Den, Drone  
  94  12:21  Drone  
  87  12:36  Zergling x2  
  77  12:37  Zergling x16  
  80  12:56  Drone x3  
  80  12:57  Spire, Drone  
  70  13:13  Hydralisk  
  70  13:14  Hydralisk x6  
  70  13:15  Hatchery  
  78  13:46  Drone x7  
  78  13:47  Hatchery  
  75  14:05  Drone x12  
  87  14:12  Extractor  
  87  14:16  Zerg Missile Weapons Level 2  
  86  14:21  Hydralisk x2  
  90  14:33  Overseer  
  90  14:38  Drone x4  
  85  14:54  Mutalisk  
  85  14:55  Mutalisk x6  
  85  14:58  Overlord  
  85  14:59  Overlord x3  
  97  15:06  Queen  
  97  15:07  Extractor  
  98  15:08  Extractor  
  97  15:25  Mutalisk  
  97  15:26  Mutalisk x6  
  111  15:35  Zergling x4  
  113  15:43  Hatchery  
  112  15:55  Hydralisk  
  112  15:56  Hydralisk x5  
  116  16:04  Drone  
  116  16:05  Drone x2  
  119  16:14  Infestation Pit  
  119  16:18  Zergling x6  
  101  16:39  Lurker x6  
  105  16:48  Zergling x2  
  105  16:49  Zergling x22  
  117  16:58  Drone x3  
  120  17:04  Drone x2  
  122  17:18  Extractor, Hatchery  
  74  17:52  Zerg Ground Armor Level 2, Hive  
  74  17:54  Zerg Melee Weapons Level 1  
  74  17:56  Hydralisk  
  74  17:57  Hydralisk x10  
  94  18:09  Spore Crawler  
  94  18:11  Spore Crawler  
  92  18:13  Spore Crawler  
  92  18:16  Drone  
  92  18:17  Drone x14  
  106  18:20  Overlord  
  106  18:21  Overlord x2  
  106  18:22  Overlord  
  106  18:26  Zergling x6  
  109  18:33  Queen  
  111  18:36  Drone  
  111  18:37  Drone x4  
  116  18:42  Overseer x3  
  107  19:02  Corruptor x5  
  108  19:31  Hydralisk  
  108  19:32  Hydralisk x12  
  134  19:47  Queen  
  136  20:01  Extractor  
  136  20:06  Drone x3  
  137  20:09  Spore Crawler x2  
  137  20:13  Zergling x10  
  137  20:14  Zergling x24  
  150  20:32  Overlord  
  150  20:33  Overlord x4  
  150  20:34  Overlord x2  
  150  20:39  Lurker x2  
  150  20:40  Lurker x6  
  158  20:45  Extractor, Hatchery  
  158  20:49  Extractor  
  126  21:04  Adaptive Talons  
  126  21:09  Greater Spire  
Show
View Real Time Build Order
Export as new Build Order

ugluk Protoss 

Build Orders: Oracle Opening 

Get SALT Encoding   

  12  0:01  Probe  
  13  0:13  Probe  
  14  0:19  Pylon  
  14  0:25  Probe (Chrono Boost)  
  15  0:37  Probe (Chrono Boost)  
  16  0:47  Probe (Chrono Boost)  
  16  0:48  Gateway  
  17  0:51  Probe  
  18  1:02  Assimilator  
  18  1:03  Probe  
  19  1:08  Assimilator  
  19  1:12  Pylon  
  19  1:18  Pylon  
  19  1:25  Probe (Chrono Boost)  
  21  1:36  Probe (Chrono Boost)  
  21  1:41  Forge  
  21  1:48  Cybernetics Core  
  21  1:54  Zealot  
  23  2:00  Probe  
  24  2:07  Pylon  
  24  2:18  Photon Cannon  
  24  2:25  Warp Gate (Chrono Boost)  
  24  2:33  Photon Cannon  
  24  2:41  Pylon  
  24  2:51  Photon Cannon  
  24  3:02  Stargate  
  24  3:07  Sentry  
  26  3:16  Pylon  
  26  3:29  Photon Cannon  
  26  3:42  Gateway  
  29  3:53  Oracle (Chrono Boost)  
  29  4:20  Robotics Facility  
  33  4:25  Void Ray (Chrono Boost)  
  32  4:46  Stalker x2  
  36  5:30  Void Ray (Chrono Boost)  
  40  5:38  Stalker x2  
  44  5:46  Nexus  
  44  6:06  Void Ray  
  48  6:15  Pylon  
  45  6:43  Gateway  
  45  6:44  Shield Battery  
  45  6:50  Probe  
  45  6:51  Photon Cannon  
  46  7:10  Void Ray (Chrono Boost)  
  50  7:17  Probe (Chrono Boost)  
  52  7:28  Probe x2 (Chrono Boost)  
  53  7:44  Probe  
  54  7:56  Probe  
  54  7:57  Void Ray  
  57  8:08  Probe  
  58  8:20  Probe  
  59  8:33  Probe (Chrono Boost)  
  60  8:39  Assimilator  
  61  8:41  Assimilator  
  61  8:45  Probe (Chrono Boost)  
  61  8:46  Robotics Bay  
  62  8:49  Probe (Chrono Boost)  
  62  8:51  Robotics Facility  
  63  8:56  Probe (Chrono Boost)  
  63  9:00  Probe x2 (Chrono Boost)  
  65  9:03  Probe  
  66  9:10  Stalker x3  
  66  9:11  Probe  
  66  9:15  Probe  
  74  9:27  Probe  
  71  10:06  Nexus  
  71  10:11  Disruptor x2  
  77  10:23  Pylon x2  
  77  10:26  Pylon  
  77  10:47  Disruptor (Chrono Boost)  
  83  10:51  Void Ray  
  83  10:55  Disruptor (Chrono Boost)  
  87  10:57  Stalker x3  
  96  11:13  Disruptor (Chrono Boost)  
  95  11:34  Void Ray  
  99  11:42  Disruptor  
  99  11:43  Disruptor  
  99  11:44  Stalker  
  107  11:50  Probe (Chrono Boost)  
  107  11:51  Pylon  
  107  11:53  Pylon  
  108  11:55  Pylon  
  108  12:01  Probe (Chrono Boost)  
  107  12:04  Probe  
  96  12:14  Stalker  
  96  12:15  Stalker x2  
  102  12:18  Disruptor  
  90  13:18  Probe (Chrono Boost)  
  88  13:29  Probe (Chrono Boost), Stalker x3  
  88  13:32  Probe  
  91  13:45  Probe  
  88  13:56  Stalker x2  
  88  13:57  Probe (Chrono Boost), Stalker  
  88  14:01  Assimilator  
  95  14:03  Assimilator  
  95  14:08  Photon Cannon x2  
  95  14:09  Probe (Chrono Boost)  
  96  14:10  Photon Cannon  
  96  14:13  Photon Cannon  
  96  14:15  Probe (Chrono Boost)  
  97  14:17  Probe (Chrono Boost), Photon Cannon  
  97  14:23  Void Ray  
  104  14:28  Probe x2 (Chrono Boost), Disruptor  
  107  14:31  Probe  
  107  14:35  Probe  
  109  14:43  Probe  
  106  14:58  Stalker x3  
  112  15:10  Immortal x2  
  120  15:25  Phoenix  
  122  15:28  Stalker  
  124  15:38  Pylon  
  124  15:40  Pylon  
  124  15:50  Immortal  
  124  15:52  Phoenix (Chrono Boost)  
  114  16:16  Phoenix (Chrono Boost)  
  114  16:18  Stalker x2  
  117  16:19  Stalker  
  117  16:20  Probe (Chrono Boost)  
  120  16:31  Probe (Chrono Boost)  
  120  16:32  Phoenix  
  115  16:34  Probe  
  116  16:44  Twilight Council  
  116  16:46  Photon Cannon  
  116  16:48  Probe (Chrono Boost)  
  116  16:49  Photon Cannon  
  117  16:57  Phoenix (Chrono Boost)  
  117  16:59  Probe (Chrono Boost)  
  120  17:02  Stalker x2  
  124  17:20  Phoenix (Chrono Boost)  
  77  17:37  Phoenix  
  49  18:00  Shield Battery  
  49  18:02  Phoenix  
  49  18:04  Observer x2  
  53  18:09  Probe (Chrono Boost)  
  54  18:19  Probe (Chrono Boost)  
  55  18:21  Pylon  
  55  18:23  Pylon  
  55  18:25  Observer, Disruptor (Chrono Boost)  
  59  18:28  Pylon  
  59  18:46  Disruptor (Chrono Boost)  
  61  19:00  Disruptor (Chrono Boost)  
  61  19:02  Stalker x3  
  64  19:12  Disruptor  
  56  19:26  Disruptor  
  56  19:36  Nexus  
  56  19:47  Disruptor  
  57  20:02  Disruptor (Chrono Boost)  
  58  20:18  Stalker  
  58  20:19  Stalker x2  
  64  20:23  Disruptor (Chrono Boost)  
  67  20:30  Pylon  
  67  20:33  Pylon  
  67  20:37  Disruptor (Chrono Boost)  
  70  20:49  Disruptor  
  53  21:16  Stalker x2  
  53  21:17  Stalker  
Tags
 
Add a new tag
Caveats
  • Supply blocks, unpowered buildings, or Contaminate may cause inaccurate times.
  • Supply counts are checked every 10 seconds.